 Dungeon Crawl Stone Soup version 0.31-a0-986-g5e6e4ef867 (webtiles) character file.

Game seed: 3205034274350914210

161 Jeffwins the Ruffian (level 5, -1/28 HPs)
             Began as a Draconian Shapeshifter on Nov 24, 2023.
             Slain by an orc wizard
             ... wielding a +0 dagger
              (3 damage)
             ... on level 4 of the Dungeon.
             The game lasted 00:06:29 (2857 turns).

Jeffwins the Ruffian (Draconian Shapeshifter)       Turns: 2857, Time: 00:06:30

Health: -1/28      AC:  5    Str: 16    XL:     5   Next: 18%
Magic:  14/14      EV: 13    Int: 12    God:
Gold:   142        SH:  0    Dex: 17    Spells: 1/4 levels left

rFire   . .          .
                       - Unarmed
rCold   . . .        (shield currently unavailable)
rNeg    . . .        (body armour unavailable)
rPois   .            (helmet restricted)
rElec   .            (no cloak)
rCorr   .            (no gloves)
SInv    .            (no boots)
Will    .....        (no amulet)
Stlth   +            W - ring of magical power
HPRegen 0.24/turn    X - +6 ring of dexterity
MPRegen 0.14/turn

%: no passive effects
@: flux-form, glowing
A: glow, contaminating, reduced hp, AC +5, unfitting armour, cold-blooded
a: Begin Untransformation


You were on level 4 of the Dungeon.
You were something dangerously unstable.
You visited 1 branch of the dungeon, and saw 4 of its levels.

You collected 142 gold pieces.


Innate Abilities, Weirdness & Mutations

You are something dangerously unstable.
You glow with magical radiation, making you easy to see and hit.
Foes you strike become dangerously contaminated with magical radiation.
Your maximum health is decreased, since you lack skill for your form.
You are incapable of wielding weapons or throwing items.
Your plain brown scales are hard. (AC +5)
You cannot fit into any form of body armour.
You are cold-blooded and may be slowed by cold attacks.


   Skills:
 + Level 2.2 Fighting
 + Level 2.4 Dodging
 + Level 1.5 Stealth
 * Level 4.0 Unarmed Combat
 + Level 0.1 Spellcasting
 + Level 0.1 Hexes
 * Level 3.8 Shapeshifting


You had one spell level left.
You knew the following spells:

 Your Spells              Type           Power      Damage    Failure   Level
o - Confusing Touch       Hex            0%         N/A       67%         3

Your spell library contained the following spells:

 Spells                   Type           Power      Damage    Failure   Level
 Kiss of Death            Conj/Necr      0%         2d5       32%         1
 Ensorcelled Hibernation  Hex/Ice        0%         N/A       43%         2
 Passwall                 Tmut/Erth      0%         N/A       45%         2
 Swiftness                Air            0%         N/A       69%         3
 Dispel Undead            Necr           0%         3d6       97%         4

Inventory:

Missiles
 g - 2 poisoned darts
 n - 2 throwing nets {=f}
Jewellery
 W - a ring of magical power (left hand)
 X - a +6 ring of dexterity (right hand)
Talismans
 b - a beast talisman
 c - a flux talisman (active)
Scrolls
 d - 7 scrolls of identify {unknown}
 e - 2 scrolls of teleportation {unknown}
 i - a scroll of blinking {unknown}
 j - a scroll of noise {unknown}
 k - a scroll of amnesia {unknown}
 m - 2 scrolls of immolation {unknown}
 p - a scroll of fog {unknown}
 q - a scroll of vulnerability {unknown}
 r - 2 scrolls of enchant weapon {unknown}
 s - a scroll of enchant armour {unknown}
Potions
 a - 4 potions of lignification {!q}
 f - a potion of enlightenment {unknown}
 h - 2 potions of curing {unknown}
 l - a potion of haste {unknown}
 o - a potion of brilliance {unknown}

Dungeon Overview and Level Annotations

Branches:
Dungeon (4/15)
 Temple: D:4-7

Altars:
Okawaru
Sif Muna

Shops:
D:1

[ #.......#
#.#.###.###
#.#.# ...
##(#.###.###
#..o.......#
##o#.....#.#
#.##....#
#####{......#
#...p....##.#
#.####.#......#
#....b.###
#...##.#
###......
#.##.... #..
### .##


You could see an orc priest and an orc.


Message History

The orc closely misses you.
You bump into the rock wall.
The orc wizard casts a spell.
The orc wizard flickers and vanishes!
The orc closely misses you.
Unknown command.
You bump into the rock wall.
You hear some strange, mumbled words.
A puff of flame appears from out of thin air!
The puff of flame misses you.
Unknown command.
You bump into the rock wall.
You hear some strange, mumbled words.
A magic dart appears from out of thin air!
The magic dart hits you!
* * * LOW HITPOINT WARNING * * *
Unknown command.
You feel less confused.
Unknown command.
The orc priest mumbles some strange prayers to Beogh against you.
Something writhes in agony.
You hear some strange, mumbled words.
A magic dart appears from out of thin air!
The magic dart hits you.
* * * LOW HITPOINT WARNING * * *
Something hits you but does no damage.
There is a stone staircase leading up here.
The orc priest invokes the aid of Beogh against you.
Something writhes in agony!
Something hits you.
You die...

Skill      XL: |  1  2  3  4  5 |
---------------+----------------+-----
Dodging        | 2 |  2.4
Stealth        | 1 |  1.5
Fighting       | 2 |  2.2
Unarmed Combat | 4 |  4.0
Spellcasting   | |  0.1
Hexes          | |  0.1
Shapeshifting  | |  3.8

Action                     |  1- 3 |  4- 6 || total
---------------------------+-------+-------++-------
  Melee: Unarmed           |    83 |    63 ||   146
         Tailslap          |     9 |    10 ||    19
         Punch             |     3 |     2 ||     5
   Stab: Sleeping          |     6 |     6 ||    12
 Armour: Skin              |    39 |    40 ||    79
  Dodge: Dodged            |    56 |    35 ||    91
   Form: Flux              |       |     1 ||     1

Levels and vault maps discovered:
D:1:      evilmike_arrival_hilbert_curve, layout_basic, serial_shops,
          shop_statue, grunt_decor_arrowhead, minivault_5
D:2:      minmay_wonky_spiral, layout_basic, chequers_serial_rivers_small_a,
          glass_columns_a, roderic_lattice_a, uniq_natasha
D:3:      layout_loops_corners, nicolae_overflow_squiral
D:4:      layout_basic, zin_statuary, xom_butterflies

Notes
Turn   | Place    | Note
-------+----------+-------------------------------------------
     0 | D:1      | Jeffwins the Draconian Shapeshifter began the quest for the
                  | Orb.
     0 | D:1      | Reached XP level 1. HP: 16/16 MP: 1/1
    70 | D:1      | Found Ivinouree's Antique Armour Boutique.
   265 | D:1      | Reached XP level 2. HP: 23/23 MP: 2/2
   331 | D:1      | Reached skill level 2 in Dodging
   856 | D:2      | Reached XP level 3. HP: 27/28 MP: 3/3
  1003 | D:2      | Reached skill level 1 in Stealth
  1487 | D:2      | Noticed Natasha
  1497 | D:2      | Killed Natasha
  1498 | D:2      | Reached XP level 4. HP: 12/36 MP: 4/4
  1632 | D:2      | Noticed Natasha
  1639 | D:2      | Killed Natasha
  1896 | D:2      | Noticed Natasha
  1911 | D:2      | Killed Natasha
  1912 | D:2      | Reached skill level 2 in Fighting
  2052 | D:3      | Found a shimmering blue altar of Sif Muna.
  2053 | D:3      | Found an iron altar of Okawaru.
  2220 | D:3      | Reached XP level 5. HP: 41/41 MP: 5/5
  2276 | D:3      | Reached skill level 4 in Unarmed Combat
  2280 | D:3      | Learned a level 3 spell: Confusing Touch
  2855 | D:4      | HP: 2/28 [something/magic dart (5)]
  2857 | D:4      | Slain by an orc wizard

Vanquished Creatures
  Natasha (thrice) (D:2)
  2 adders
  A worm (D:3)
  3 dart slugs
  4 ball pythons (D:1)
  7 bats
  5 endoplasms
  4 giant cockroaches
  10 goblins
  2 hobgoblins
  3 jackals (D:3)
  3 quokkas
  A frilled lizard (D:3)
  5 kobolds
  4 rats
57 creatures vanquished.

Table legend: (Time is in decaauts)
 A = Elapsed time spent in this place.
 B = Non-inter-level travel time spent in this place.
 C = Inter-level travel time spent in this place.
 D = Time resting spent in this place.
 E = Time spent auto-exploring this place.
 F = Levels seen in this place.
 G = Mean time per level.
                   A        B        C        D        E       F      G
               +--------+--------+--------+--------+--------+-----+--------+
         Total |   2859 |   2509 |    350 |    161 |   1854 |   4 |  714.8 |
       Dungeon |   2859 |   2509 |    350 |    161 |   1854 |   4 |  714.8 |
               +--------+--------+--------+--------+--------+-----+--------+

Top non-repeatable levels by time:
     D:2: 1235 daAuts
     D:3: 806 daAuts
     D:1: 775 daAuts
     D:4: 42 daAuts

Table legend:
 A = Non-vault XP
 B = Vault XP
 C = Vault XP percentage of total XP
 D = Non-vault monster count
 E = Vault monster count
 F = Vault count percentage of total count
                 A         B        C        D         E       F
            +---------+---------+-------+---------+---------+-------
      Total |     193 |      37 |  16.1 |      55 |       2 |   3.5
            +---------+---------+-------+---------+---------+-------
        D:1 |      36 |       0 |   0.0 |      20 |       0 |   0.0
        D:2 |     105 |      37 |  26.1 |      14 |       2 |  12.5
        D:3 |      52 |       0 |   0.0 |      21 |       0 |   0.0
            +---------+---------+-------+---------+---------+-------
